 Dungeon Crawl Stone Soup version 0.24.0-125-gc4c63601f3 (webtiles) character file.

Game seed: 8286154594206910496, levelgen mode: deterministic

120 MajorAdolf the Sneak (level 5, -6/45 HPs)
             Began as a Naga Wanderer on Feb 29, 2020.
             Mangled by an iguana (12 damage)
             ... on level 4 of the Dungeon.
             The game lasted 00:06:08 (2705 turns).

MajorAdolf the Sneak (Naga Wanderer)                Turns: 2705, Time: 00:06:09

Health: -6/45      AC:  2    Str: 15    XL:     5   Next: 4%
Magic:  5/5        EV: 10    Int: 12    God:
Gold:   167        SH:  0    Dex: 11    Spells: 4/4 levels left

rFire    . . .     SeeInvis +   a - +2 quarterstaff
rCold    . . .     Gourm    .   (shield currently unavailable)
rNeg     . . .     Faith    .   p - +0 robe
rPois    +         Spirit   .   (no helmet)
rElec    .         Reflect  .   (no cloak)
rCorr    +         Harm     .   (no gloves)
MR       +....                  (no barding)
Stlth    +++.......             (no amulet)
HPRegen  0.15/turn              o - ring of resist corrosion
MPRegen  0.09/turn              u - ring of protection from magic

@: very slow
A: large, see invisible, deformed body, poison resistance, slowness 2, slow
metabolism 1, spit poison 1, AC +1
a: Spit Poison


You were on level 4 of the Dungeon.
You were not hungry.

You visited 1 branch of the dungeon, and saw 4 of its levels.

You collected 167 gold pieces.

Inventory:

Hand Weapons
 a - a +2 quarterstaff (weapon)
 d - a +0 dagger
 v - a +0 war axe
Armour
 b - a +0 ring mail
 p - a +0 robe (worn)
 x - a scarf of cloud immunity
Jewellery
 h - an uncursed ring of positive energy
 o - a ring of resist corrosion (left hand)
 u - a ring of protection from magic (right hand)
Wands
 t - a wand of digging (3)
Scrolls
 e - 6 scrolls of teleportation {unknown}
 i - a scroll of identify {unknown}
 l - a scroll of enchant weapon {unknown}
 m - a scroll of noise {unknown}
 r - 2 scrolls of blinking {unknown}
 s - 2 scrolls of amnesia {unknown}
Potions
 c - a potion of lignification
 g - a potion of heal wounds {unknown}
 j - a potion of might {unknown}
 k - a potion of flight {unknown}
 n - a potion of degeneration {unknown}
 q - a potion of agility {unknown}
 w - a potion of curing {unknown}
Comestibles
 f - 4 rations


   Skills:
 + Level 2.2 Fighting
 + Level 2.7(2.8) Axes
   Level 1.0(2.1) Maces & Flails
 - Level 1.0(1.2) Staves
 - Level 1.5 Armour
 - Level 1.5 Dodging
 + Level 6.1 Stealth


You had 4 spell levels left.
You didn't know any spells.
Your spell library was empty.

Dungeon Overview and Level Annotations

Branches:
Dungeon (4/15)
 Temple: D:4-7

Altars:
Dithmenos
Okawaru
Uskayaw

Annotations:
D:3 exclusion: orc


Innate Abilities, Weirdness & Mutations

You cannot wear boots.
Your serpentine skin is tough. (AC +1)
You have supernaturally acute eyesight. (SInv)
Armour fits poorly on your strangely shaped body.
Your system is resistant to poisons. (rPois)
You cover ground very slowly.
You have a slow metabolism.
You can spit poison.


Message History

The iguana is heavily wounded.
The iguana closely misses you.
You closely miss the iguana.
The iguana is heavily wounded.
You have got your breath back.
The iguana barely misses you. The iguana bites you!
* * * LOW HITPOINT WARNING * * *
You closely miss the iguana.
The iguana is heavily wounded.
The iguana misses you.
You hit the iguana.
The iguana is severely wounded.
The iguana closely misses you.
You hit the iguana.
The iguana is almost dead.
The iguana misses you.
You hit the iguana but do no damage.
The iguana is almost dead.
The iguana bites you!
You die...

####
#..#
#..#
####..#
#..l@.#
#.#####


You could see an iguana.

Vanquished Creatures
  5 adders
  An ooze (D:2)
  4 worms
  2 dart slugs
  4 leopard geckos
  7 bats
  A giant cockroach (D:3)
  5 goblins
  5 hobgoblins
  10 kobolds
  2 quokkas
  5 frilled lizards (D:2)
  4 rats
55 creatures vanquished.

Vanquished Creatures (others)
  4 toadstools (D:1)
4 creatures vanquished.

Grand Total: 59 creatures vanquished

Notes
Turn   | Place    | Note
-------+----------+-------------------------------------------
     0 | D:1      | MajorAdolf the Naga Wanderer began the quest for the Orb.
     0 | D:1      | MajorAdolf set off with the following items: a +2
                  | quarterstaff, a +0 ring mail, a potion of lignification, a
                  | +0 dagger, a ration
     0 | D:1      | Reached XP level 1. HP: 19/19 MP: 1/1
   263 | D:1      | Reached skill level 4 in Stealth
   263 | D:1      | Reached XP level 2. HP: 26/26 MP: 2/2
   873 | D:2      | Reached skill level 5 in Stealth
  1059 | D:2      | Reached XP level 3. HP: 12/32 MP: 3/3
  1687 | D:2      | Reached skill level 1 in Axes
  1708 | D:2      | Reached XP level 4. HP: 38/39 MP: 4/4
  2139 | D:3      | Reached skill level 6 in Stealth
  2486 | D:3      | Found a faded altar of an unknown god.
  2486 | D:3      | Found a hide-covered altar of Uskayaw.
  2487 | D:3      | Reached XP level 5. HP: 45/45 MP: 5/5
  2497 | D:3      | Found a faded altar of an unknown god.
  2515 | D:3      | Found a shadowy altar of Dithmenos.
  2529 | D:3      | Found an iron altar of Okawaru.
  2705 | D:4      | Mangled by an iguana

Levels and vault maps discovered:
D:1:      ldierk_walled_garden_2, layout_basic
D:2:      layout_loops_ring, st_stairs_7
D:3:      layout_rooms, chequers_temple_overflow_minitemple, trog_book
D:4:      layout_basic, cheibrodos_ashenzari_chains, uniq_edmund, uniq_ijyb

Skill      XL: |  1  2  3  4 |
---------------+-------------+-----
Stealth        | 4 5 6 |  6.1
Axes           | 1 2 |  2.7
Fighting       | |  2.2
Maces & Flails | |  1.0
Staves         | |  1.0
Armour         | |  1.5
Dodging        | |  1.5

Action                   |  1- 3 |  4- 6 || total
-------------------------+-------+-------++-------
Melee: Quarterstaff      |    88 |    64 ||   152
 Abil: Spit Poison       |     1 |     7 ||     8
 Stab: Sleeping          |     6 |     6 ||    12
  Eat: Chunk             |     2 |     2 ||     4
       Ration            |       |     1 ||     1
Armor: Ring mail         |    21 |       ||    21
       Robe              |     4 |    16 ||    20
Dodge: Dodged            |    36 |    36 ||    72
